AoeStats
← 小猫驴

Four Lakes

509379461Analyzed
1v1 RM · 7d ago on Sep 26, 2026· 40m 51s· 2 players
Game mode
Random Map
Map size
Tiny (2 player)
Population
200
Speed
Normal
Resources
Standard
Victory
Conquest
Starting age
Dark Age
Ending age
Imperial Age
RankedLock teamsTeams togetherTeam positionsShared explorationLock speedFull tech treeHidden civsTurbo modeCheats
Victory
Defeat
🇨🇳 Malay · China
921
+16
🇳🇱 Cumans · Netherlands
913
-16
KingQuba
4:46 Loom
12:53 Feudal Age
13:34 Double-Bit Axe
15:50 Fishing Lines
19:45 Castle Age
18:26 Wheelbarrow
18:27 Fletching
22:26 Elite Skirmisher
28:57 Masonry
31:53 Gillnets
32:09 Murder Holes
36:28 Imperial Age
34:42 Steppe Husbandry
37:51 Conscription
38:09 Gold Mining
38:10 Stone Mining
40:39 Scale Barding Armor
小猫驴
2:31 Loom
10:44 Feudal Age
12:02 Double-Bit Axe
13:59 Gold Mining
14:24 Horse Collar
16:00 Fletching
21:13 Castle Age
19:45 Padded Archer Armor
21:24 Wheelbarrow
21:03 Bow Saw
20:26 Crossbowman
21:22 Bodkin Arrow
22:17 Heavy Plow
25:23 Husbandry
25:37 Forging
26:04 Hand Cart
28:55 Ballistics
28:02 Elite Skirmisher
34:13 Imperial Age
32:25 Masonry
32:09 Town Watch
33:27 Scale Barding Armor
33:40 Cavalier
35:32 Crop Rotation
36:15 Chemistry
37:30 Iron Casting
37:30 Siege Engineers
38:36 Thumb Ring
39:15 Gold Shaft Mining
38:31 Stone Mining
41:51 Blast Furnace
40:52 Bracer
Connection lost

Rejoining the realm…

Still unreachable

The connection could not be restored.

Session expired

The server has moved on; the page needs a fresh start.